 Dungeon Crawl Stone Soup version 0.28.0-45-g0d030f2227 (webtiles) character file.

Game seed: 15656743039101664473

347 brightshaft the Skirmisher (level 6, -1/108 HPs)
             Began as a Djinni Fire Elementalist on Apr 19, 2022.
             Slain by a phantom (2 damage)
             ... on level 4 of the Dungeon.
             The game lasted 00:05:09 (3418 turns).

brightshaft the Skirmisher (DjFE)                   Turns: 3418, Time: 00:05:09

Health: -1/108     AC: 23    Str:  7    XL:     6   Next: 91%
Gold:   150        EV:  2    Int: 19    God:
                   SH:  0    Dex: 13

rFire   + . .      SeeInvis .   n - +0 war axe (vamp)
rCold   x . .      Faith    .   (no shield)
rNeg    . . .      Spirit   .   (armour currently unavailable)
rPois   ∞          Reflect  .   (helmet currently unavailable)
rElec   .          Harm     .   (cloak currently unavailable)
rCorr   .          Rampage  .   (gloves currently unavailable)
Will    +....      NoTele   +   (boots unavailable)
Stlth   ..........              (no amulet)
HPRegen 0.28/turn               i - ring of willpower
MPRegen 0.00/turn               m - ring of fire

@: berserking, tree-form, very quick
A: stationary, stasis, torment immunity, boosted hp, sickness immunity, (fire
resistance 2), (cold vulnerability 1), float, innate caster, HP casting, extra
vitality 1
a: no special abilities


You were on level 4 of the Dungeon.
You were a tree.
You visited 1 branch of the dungeon, and saw 4 of its levels.

You collected 150 gold pieces.

Inventory:

Hand Weapons
 c - a +0 mace
 d - a +4 dagger
 n - a +0 vampiric war axe (weapon)
Armour
 a - a +0 robe (melded)
Jewellery
 i - a ring of willpower (left branch)
 m - a ring of fire (right branch)
Wands
 t - a wand of flame (24) {@v2}
Scrolls
 b - 2 scrolls of identify {unknown}
 f - 3 scrolls of teleportation {unknown}
 h - a scroll of magic mapping {unknown}
 j - 2 scrolls of silence {unknown}
 l - a scroll of fear {unknown}
 o - 2 scrolls of enchant armour {unknown}
 p - 2 scrolls of blinking {unknown}
 q - a scroll of enchant weapon {unknown}
 u - a scroll of amnesia {unknown}
Potions
 g - a potion of flight
 r - a potion of curing {unknown}
 s - a potion of haste {unknown}
 v - a potion of cancellation {unknown}


   Skills:
 + Level 4.4 Fighting
 - Level 2.1 Dodging
 - Level 1.5 Stealth
 + Level 4.2 Spellcasting


You couldn't memorise any spells.
You knew the following spells:

 Your Spells              Type           Power      Damage    Failure   Level
a - Foxfire               Conj/Fire      100%       2x1d9     2%          1
b - Scorch                Fire           60%        2d8       3%          2
c - Conjure Flame         Conj/Fire      30%        6-21      7%          3
d - Inner Flame           Hex/Fire       30%        N/A       7%          3
e - Flame Wave            Conj/Fire      30%        2d8       24%         4
f - Beastly Appendage     Tmut           40%        N/A       2%          1
g - Ensorcelled Hibernat  Hex/Ice        40%        N/A       3%          2
Your spell library was empty.

Dungeon Overview and Level Annotations

Branches:
Dungeon (4/15)             Temple (0/1) D:4

Altars:
Xom


Innate Abilities, Weirdness & Mutations

You are a tree.
Your roots penetrate the ground, keeping you stationary.
You cannot be teleported.
You are immune to unholy pain and torment.
Your maximum health is greatly increased.
Your equipment is partially melded.
You are immune to sickness and miasma.
You are immune to poison.
((Your flesh is very heat resistant. (rF++)))
((You are vulnerable to cold. (rC-)))
You float through the air rather than walking.
You learn spells naturally, not from books.
Your magical power is your life essence.
You have superior vitality. (+4 MHP)


Message History

Found a stone staircase leading down.
The orc hits you with a +2 vampiric short sword.
* * * LOW HITPOINT WARNING * * *
There is a fountain of sparkling water here.
You closely miss the phantom.
The phantom is moderately damaged.
You slash the orc!
You kill the orc!
You hit the orc.
You feel better.
The phantom is no longer more vulnerable to fire.
The orc hits you with a +0 club.
* * * LOW HITPOINT WARNING * * *
The phantom hits you!
* * * LOW HITPOINT WARNING * * *
The phantom blinks!
You blink.
It was a potion of flight.
You feel more buoyant.
The phantom hits you but does no damage.
Things that are here:
a +0 scythe; a +0 robe You see here a hobgoblin corpse.
There is a stone staircase leading up here.
The phantom hits you.
* * * LOW HITPOINT WARNING * * *
The phantom blinks!
You blink.
You stop ascending the stairs.
It was a potion of lignification.
You turn into a tree.
Your +0 robe melds into your body.
Your roots penetrate the ground.
The phantom hits you but does no damage.
It was a potion of berserk rage.
A red film seems to cover your vision as you go berserk!
You feel yourself moving faster!
You feel mighty!
The phantom hits you but does no damage.
You miss the phantom.
The phantom is lightly damaged.
The phantom hits you.
* * * LOW HITPOINT WARNING * * *
You slash the phantom!
The phantom is heavily damaged.
The phantom hits you.
You die...

#.# # ##.# ##g.# ...
#..#####. ##..
#####.##..... ..[.
#........# ... ##.###.####
..##### ####..#
#.##########......
#....####gogW♣........####
#......<...#######.......#
#....#....##.............#
######.#####.............#
#......<.##.............#
#.......................#
#........##.............#
#........################
#........#


You could see a phantom, an orc and 2 hobgoblins.

Vanquished Creatures
  Sigmund (D:4)
  2 orc priests (D:4)
  An orc wizard (D:3)
  3 adders
  2 worms
  A dart slug (D:2)
  9 orcs
  4 endoplasms
  A giant cockroach (D:1)
  5 hobgoblins
  2 jackals (D:1)
  A kobold (D:3)
  2 quokkas (D:1)
  5 ball pythons
  9 bats
  5 goblins
  8 rats
61 creatures vanquished.

Vanquished Creatures (collateral kills)
  A foxfire (D:1)
1 creature vanquished.

Vanquished Creatures (others)
  28 foxfires
  A plant (D:1)
29 creatures vanquished.

Grand Total: 91 creatures vanquished

Notes
Turn   | Place    | Note
-------+----------+-------------------------------------------
     0 | D:1      | brightshaft the Djinni Fire Elementalist began the quest
                  | for the Orb.
     0 | D:1      | Reached XP level 1. HP: 15/15 MP: 0/0
   432 | D:1      | Reached skill level 1 in Fighting
   432 | D:1      | Reached XP level 2. HP: 22/22 MP: 0/0
   823 | D:1      | Reached XP level 3. HP: 8/27 MP: 0/0
   823 | D:1      | Learned a level 1 spell: Beastly Appendage
  1040 | D:1      | Found a faded altar of an unknown god.
  1644 | D:2      | Reached XP level 4. HP: 27/33 MP: 0/0
  2461 | D:3      | Reached XP level 5. HP: 21/40 MP: 0/0
  2461 | D:3      | Learned a level 2 spell: Ensorcelled Hibernation
  3051 | D:3      | Found a shimmering altar of Xom.
  3256 | D:4      | Noticed Sigmund
  3274 | D:4      | Killed Sigmund
  3275 | D:4      | Reached XP level 6. HP: 36/47 MP: 0/0
  3389 | D:4      | Found a staircase to the Ecumenical Temple.
  3414 | D:4      | HP: 1/48 [phantom (6)]
  3418 | D:4      | Slain by a phantom

Illustrated notes

Levels and vault maps discovered:
D:1:      scummos_arrival_star, layout_rooms, serial_forest,
          infiniplex_forest_lined_2, infiniplex_forest_clump_tiny,
          infiniplex_forest_lined_3, infiniplex_forest_clump_diagonal,
          infiniplex_forest_lined_2, infiniplex_forest_lined_2,
          shapermc_ecumenical_altar_acropolis, nicolae_figureground_sparkle
D:2:      layout_loops_ring, chequers_serial_rivers_micro_e,
          chequers_serial_rivers_micro_c
D:3:      layout_rooms, lemuel_doored_altar, minmay_misc_feat_enclosed,
          hangedman_abyss_or_decor_lesser_grid, grunt_decor_arrowhead,
          minmay_circle_x
D:4:      layout_rooms, lemuel_round_altar, temple_fountains, uniq_sigmund

Skill      XL: |  1  2  3  4  5 |
---------------+----------------+-----
Fighting       | 1 2 4 |  4.4
Spellcasting   | 3 4 |  4.2
Dodging        | |  2.1
Stealth        | |  1.5

Action                   |  1- 3 |  4- 6 || total
-------------------------+-------+-------++-------
Melee: Dagger            |    16 |     7 ||    23
       Punch             |       |     1 ||     1
       War axe           |       |    22 ||    22
 Cast: Foxfire           |    10 |    10 ||    20
       Scorch            |    25 |    30 ||    55
       Inner Flame       |       |     2 ||     2
  Use: Potion            |       |     3 ||     3
 Stab: Sleeping          |     3 |     2 ||     5
Armor: Robe              |     3 |     7 ||    10
       Skin              |       |     2 ||     2
Dodge: Dodged            |    17 |    23 ||    40
